AoeStats
← Chiripa605

Black Forest

508537565Analyzed
4v4 RM · 9d ago on Sep 22, 2026· 41m 25s· 8 players
Game mode
Random Map
Map size
Large (8 player)
Population
200
Speed
Normal
Resources
Standard
Victory
Conquest
Starting age
Dark Age
Ending age
Imperial Age
RankedLock teamsTeams togetherTeam positionsShared explorationLock speedFull tech treeHidden civsTurbo modeCheats
Victory
Defeat
🇺🇸 Sicilians · United States
1391
+18
🇺🇸 Saxons · United States
1361
+19
🇨🇳 Mongols · China
1354
+19
1352
+19
🇨🇱 Turks · Chile
1499
-22
🇨🇱 Saracens · Chile
1487
-21
🇨🇱 Khmer · Chile
1364
-16
🇨🇱 Bulgarians · Chile
1361
-16
Chiripa605
1:53 Loom
10:15 Feudal Age
10:57 Double-Bit Axe
17:44 Fletching
23:13 Castle Age
21:57 Scale Mail Armor
22:31 Arson
24:13 Chain Mail Armor
24:15 Bow Saw
25:42 Forging
27:44 Pikeman
29:16 Wheelbarrow
32:49 Fishing Lines
36:37 Imperial Age
34:29 Gillnets
34:32 Horse Collar
37:43 Conscription
36:57 Capped Ram
38:25 Squires
40:38 Bodkin Arrow
42:13 Ballistics
41:40 Arrowslits
42:00 Bracer
牛比无极限
0:49 Loom
9:24 Feudal Age
16:33 Castle Age
15:38 Double-Bit Axe
19:03 Bow Saw
23:04 Horse Collar
25:34 Wheelbarrow
25:32 Fishing Lines
30:50 Imperial Age
28:45 Fletching
29:33 Bodkin Arrow
30:02 Gold Mining
30:44 Hand Cart
31:11 Ballistics
31:16 Heavy Plow
31:51 Conscription
31:59 Padded Archer Armor
33:46 Gold Shaft Mining
34:28 Drill
34:50 Onager
35:50 Bloodlines
35:41 Husbandry
35:47 Bracer
36:02 Leather Archer Armor
36:25 Thumb Ring
36:46 Parthian Tactics
38:09 Siege Onager
39:23 Siege Engineers
40:53 Caravan
BlueIce
11:18 Feudal Age
15:49 Castle Age
13:58 Fishing Lines
14:44 Double-Bit Axe
15:12 Horse Collar
17:06 Bow Saw
20:51 Loom
22:08 Wheelbarrow
23:26 Hand Cart
23:17 Stone Mining
23:18 Gold Mining
28:42 Imperial Age
27:12 Scale Mail Armor
27:31 Squires
28:54 Chain Mail Armor
28:50 Forging
29:03 Gambesons
30:38 Chemistry
30:10 Plate Mail Armor
29:04 Capped Ram
29:40 Shield Wall
29:56 Siege Ram
31:37 Iron Casting
31:25 Siege Engineers
32:55 Elite Hearth Troop
33:03 Elite Hearth Troop
33:23 Pikeman
34:07 Fletching
34:17 Town Watch
34:22 Arson
34:18 Halberdier
35:23 Conscription
35:54 Masonry
2ʙ♥ˡᵒᵛᵉᵧₒᵤ
0:51 Loom
10:56 Feudal Age
11:59 Double-Bit Axe
12:14 Horse Collar
18:56 Castle Age
19:20 Wheelbarrow
18:45 Stone Mining
18:47 Gold Mining
20:23 Heavy Plow
20:36 Bow Saw
21:06 Gold Shaft Mining
26:24 Hand Cart
31:04 Imperial Age
28:46 Ballistas
29:11 Pikeman
29:51 Squires
30:20 Ballistics
31:25 Heavy Scorpion
32:26 Conscription
32:58 Siege Engineers
33:54 Chemistry
33:07 Capped Ram
33:35 Halberdier
34:48 Scale Mail Armor
34:58 Forging
36:05 Siege Ram
38:23 Chain Mail Armor
38:44 Iron Casting
41:17 Iron Casting
Kagaya
11:06 Feudal Age
13:49 Castle Age
12:04 Double-Bit Axe
16:50 Scale Barding Armor
17:08 Bow Saw
20:07 Chain Barding Armor
23:02 Stone Mining
24:31 Horse Collar
26:01 Heavy Plow
26:26 Gold Mining
27:20 Forging
28:35 Wheelbarrow
27:46 Town Watch
31:02 Fletching
36:18 Imperial Age
34:36 Hand Cart
34:22 Town Patrol
34:07 Loom
35:44 Iron Casting
35:22 Bloodlines
35:12 Husbandry
36:19 Gold Shaft Mining
36:19 Stone Shaft Mining
36:47 Ballistics
37:19 Light Cavalry
39:04 Chemistry
38:11 Siege Engineers
38:55 Plate Barding Armor
39:21 Blast Furnace
38:26 Double Crossbow
38:47 Conscription
38:04 Heavy Scorpion
39:04 Hussar
Diegazo
0:40 Loom
12:48 Feudal Age
14:56 Double-Bit Axe
14:56 Horse Collar
15:39 Fletching
24:23 Castle Age
23:10 Padded Archer Armor
23:59 Fishing Lines
24:45 Gold Mining
26:06 Bow Saw
28:59 Imperial Age
28:34 Gold Shaft Mining
27:59 Gillnets
32:36 Stone Mining
35:04 Elite Janissary
35:10 Elite Janissary
Pollazo
5:57 Loom
11:08 Feudal Age
15:54 Castle Age
14:45 Double-Bit Axe
14:43 Horse Collar
16:59 Bow Saw
21:42 Heavy Plow
26:00 Wheelbarrow
29:50 Imperial Age
27:44 Caravan
28:27 Scale Barding Armor
28:51 Hand Cart
29:25 Forging
29:38 Chain Barding Armor
30:35 Iron Casting
31:17 Plate Barding Armor
30:46 Gold Mining
31:30 Crop Rotation
32:07 Blast Furnace
31:37 Fletching
31:42 Elite Konnik
33:59 Gold Shaft Mining
33:54 Bodkin Arrow
36:55 Bracer
37:18 Stirrups
37:47 Bloodlines
37:41 Husbandry
39:00 Conscription
38:40 Light Cavalry
39:22 Hussar
40:24 Padded Archer Armor
Kerjo
6:54 Loom
9:24 Feudal Age
10:03 Double-Bit Axe
12:15 Padded Archer Armor
16:24 Fletching
20:34 Castle Age
21:12 Wheelbarrow
20:35 Crossbowman
21:12 Bodkin Arrow
22:28 Bow Saw
24:06 Horse Collar
31:17 Imperial Age
30:17 Leather Archer Armor
31:16 Ballistics
31:19 Town Watch
32:03 Thumb Ring
32:49 Bracer
34:09 Gold Mining
34:44 Onager
36:05 Arbalester
37:06 Onager
40:28 Forging
40:24 Scale Barding Armor
42:17 Chemistry
Connection lost

Rejoining the realm…

Still unreachable

The connection could not be restored.

Session expired

The server has moved on; the page needs a fresh start.